Unix NetHack Version 5.0.0-0 post-release - last build Jul 19 2026 19:10:59 (3aa4ab31751d3886436d94b585a96704892fd477,branch:main).

Game began 2026-07-24 17:32:03, ended 2026-07-24 21:48:17.

LDaviesPeters, neutral female human Archeologist

                               ---------
 ---------        -----        |.......|                           --------
 |.....[[|      ##....|        |.......|                      #####-......|
 |.[[....|      # |...|        |.......| ######################    |`...>.|
 |.[....[|    ### |...| #######-.......|##            ---------   #.......|
 |.......|    #   |..(| #    # |.......|###########   |.......|   #--------
 ---|-----    #   |{..-##    # ---------#         ####|.(.....-####
    #         #   |...|      #      `####            #........|  #
    #         #   --.--      #      #                 --------- ##
    #        ##     ##       # ######                            ##
    ###      #       ###%#%  # #                                  ##
      #     #             %  # #                                   #
      ##    #      -------@-####                   ---------       #-----
        #  ##      |.....d%|##                     |.....(..       #|.).|
        ## #       |.......-####                   |.......|       #.^..|
     ----|-#       |.......|   ####################........|        |.).|
     |.....#       ---------                       ---------        -----
     |....|
     ------

LDaviesPeters the Field Worker  St:13 Dx:8 Co:16 In:17 Wi:14 Ch:8  Neutral
Dlvl:3  $:12 HP:0(34) Pw:17(17) AC:7  Xp:4 T:1966 

Latest messages:
 The jackal starts to attack you, but pulls back.
 The werejackal starts to attack you, but pulls back.
 You finish your prayer.
 You feel that Camaxtli is well-pleased.
 You feel much better.
 What do you want to read? [l or ?*] ?
 As you read the scroll, it disappears.
 You materialize in a different location!
 You hear some noises in the distance.
 You see here an unlocked large box containing 1 item.
 You kill the gnome!
 You miss the jackal.
 The jackal bites!
 You kill the jackal!
 The werejackal just misses!
 You lash the werejackal.
 The werejackal changes into a jackal.
 The werejackal summons help!
 A jackal suddenly appears next to you!
 The werejackal bites!
 You lash the werejackal.
 The jackal bites!
 The werejackal summons help!
 A coyote suddenly appears next to you!
 A jackal suddenly appears close by!
 The werejackal bites!
 The werejackal changes into a human.
 You miss the werejackal.
 The coyote bites!
 The jackal bites!
 The werejackal hits!
 You lash the werejackal.
 The coyote bites!
 The jackal misses!
 The werejackal hits!
 You lash the werejackal.
 The coyote bites!
 The jackal bites!
 The werejackal hits!
 You kill the werejackal!
 The coyote misses!
 The jackal bites!
 You kill the jackal!
 The coyote misses!
 You kill the coyote!
 You see here a jackal corpse.
 You kill the jackal!
 The jackal bites!
 You die...
 Do you want your possessions identified? [ynq] (y) q

Inventory:
 Coins    ('$')
  $ - 12 gold pieces
 Weapons  (')')
  z - a +0 elven dagger
  o - a +0 orcish dagger
  a - a +2 bullwhip (weapon in right hand)
  A - a +0 war hammer
 Armor    ('[')
  c - an uncursed +0 fedora
  m - a blessed +1 orcish helm (being worn)
  s - an uncursed +0 orcish helm
  h - an uncursed +0 leather jacket (being worn)
 Comestibles  ('%')
  r - an uncursed carrot
  d - 5 uncursed food rations
 Tools    ('(')
  b - an uncursed sack containing 5 items
  B - an uncursed blindfold
  y - an uncursed magic whistle
  k - a cursed skeleton key
  f - a tinning kit (0:80)
 Gems/Stones  ('*')
  N - an uncursed obsidian stone
  O - an uncursed topaz stone
  g - an uncursed touchstone

Contents of the sack:
  29 gold pieces
  a cursed scroll of teleportation
  2 uncursed scrolls of teleportation
  a cursed potion of extra healing
  a +0 pick-axe

LDaviesPeters the Archeologist's attributes:

Background:
 You were a Field Worker, a level 4 female human Archeologist.
 You were neutral, on a mission for Camaxtli
 who was opposed by Quetzalcoatl (lawful) and Huhetotl (chaotic).
 You were right-handed.
 You were in the Dungeons of Doom, on level 3.
 You entered the dungeon 1966 turns ago.
 You had 105 experience points, 55 more were needed to attain level 5.

Basics:
 You had 0 out of 34 hit points.
 You had all 17 energy points (spell power).
 Your armor class was 7.
 Your wallet contained 12 zorkmids, and
 you had 29 more stashed away in your pack.
 Autopickup was off.

Final Characteristics:
 Your strength was 13 (limit:18/100).
 Your dexterity was 8 (limit:18).
 Your constitution was 16 (limit:18).
 Your intelligence was 17 (limit:18).
 Your wisdom was 14 (limit:18).
 Your charisma was 8 (limit:18).

Final Status:
 You weren't hungry.
 You were unencumbered.
 You were wielding a whip.
 You had basic skill with whip.

Final Attributes:
 You were devoutly aligned.
 You were level-drain resistant.
 You had automatic searching.
 You were a werejackal.
 You were harmed by silver.
 You are dead.

Miscellaneous:
 You didn't encounter any bones levels.
 Total elapsed playing time was 53 minutes and 37 seconds.

Major events:
 Turn
    1: LDaviesPeters the neutral female human Archeologist entered the dungeon
  713: attained the rank of Field Worker (level 3)
 1966: killed by a jackal

Spells:
 Name                 Level Category     Fail Retention
 healing                1   healing       27%  76%-100%

Skills:
 Fighting Skills
   bare handed combat [Unskilled]
   two weapon combat  [Unskilled]
   riding             [Unskilled]
 Weapon Skills
   dagger             [Unskilled]
   knife              [Unskilled]
   pick-axe           [Basic]
   short sword        [Unskilled]
   saber              [Unskilled]
   club               [Unskilled]
   quarterstaff       [Unskilled]
   sling              [Unskilled]
   dart               [Unskilled]
   boomerang          [Unskilled]
   whip               [Basic]
   unicorn horn       [Unskilled]
 Spellcasting Skills
   attack spells      [Unskilled]
   healing spells     [Unskilled]
   divination spells  [Unskilled]
   matter spells      [Unskilled]

Voluntary challenges:
 Character rerolling was not enabled.
 You never genocided any monsters.
 You never polymorphed an object.
 You never changed form.
 You used no wishes.
Achievements:
 You attained the rank of Field Worker.
 You entered a shop.

 The Dungeons of Doom: levels 1 to 4
    Level 1:
       Some fountains.
    Level 2:
       A general store, a fountain.
    Level 3: <- You were here.
       An armor shop, a fountain.
       Final resting place for
          you, killed by a jackal.
    Level 4:


Vanquished creatures:
  a floating eye
  a kobold leader
  a wererat
  a werejackal
  a coyote
  a hobbit
  a gnome
  a gecko
 13 jackals
  a fox
  a kobold
  5 goblins
  4 sewer rats
  5 grid bugs
  a bat
  a lichen
  a kobold zombie
  5 newts
45 creatures vanquished.

No species were genocided or became extinct.

Game over:
                       ----------
                      /          \
                     /    REST    \
                    /      IN      \
                   /     PEACE      \
                  /                  \
                  |  LDaviesPeters   |
                  |      41 Au       |
                  |   killed by a    |
                  |      jackal      |
                  |                  |
                  |                  |
                  |       2026       |
                 *|     *  *  *      | *
        _________)/\\_//(\/(/\)/\//\/|_)_______

Goodbye LDaviesPeters the Archeologist...

You died in The Dungeons of Doom on dungeon level 3 with 607 points,
and 41 pieces of gold, after 1966 moves.
You were level 4 with a maximum of 34 hit points when you died.

